 Dungeon Crawl Stone Soup version 0.25.0-10-g039870e (webtiles) character file.

Game seed: 10578612104348177576

112 MCCCXII the Cudgeler (level 4, -2/29 HPs)
             Began as a Gargoyle Berserker on June 22, 2020.
             Was a Believer of Trog.
             Slain by a jackal (3 damage)
             ... on level 3 of the Dungeon.
             The game lasted 00:03:05 (2273 turns).

MCCCXII the Cudgeler (Gargoyle Berserker)           Turns: 2273, Time: 00:03:05

Health: -2/29      AC:  7    Str: 19    XL:     4   Next: 95%
Magic:  4/4        EV: 12    Int:  8    God:    Trog [**....]
Gold:   169        SH:  0    Dex:  9    Spells: 3/3 levels left

rFire    + . .     SeeInvis .   a - +0 mace
rCold    + . .     Gourm    .   (no shield)
rNeg     + . .     Faith    .   b - +1 animal skin
rPois    ∞         Spirit   .   g - +0 helmet
rElec    +         Reflect  .   (no cloak)
rCorr    +         Harm     .   (no gloves)
MR       .....     Clarity  +   (no boots)
Stlth    +.........             (no amulet)
HPRegen  0.09/turn              (no ring)
MPRegen  0.09/turn              (no ring)

@: mighty, resistant, berserk cooldown, slowed, very slow
A: clarity, negative energy resistance 1, electricity resistance, weak 1,
unbreathing, petrification resistance, rot immunity, sturdy frame 1, AC +3
a: Berserk, Trog's Hand, Renounce Religion


You were on level 3 of the Dungeon.
You worshipped Trog.
Trog was pleased with you.
You were very hungry.

You visited 1 branch of the dungeon, and saw 3 of its levels.

You collected 169 gold pieces.

Inventory:

Hand Weapons
 a - a +0 mace (weapon)
Missiles
 f - 59 stones (quivered)
Armour
 b - a +1 animal skin (worn)
 g - a +0 helmet (worn)
Jewellery
 j - an uncursed ring of protection from cold {unknown}
 o - a +6 ring of intelligence {unknown}
Scrolls
 e - a scroll of teleportation
 i - a scroll of enchant armour
 l - a scroll of remove curse {unknown}
 m - 3 scrolls of enchant weapon
 p - a scroll of fear {unknown}
Potions
 k - 2 potions of flight
Comestibles
 c - 4 rations
 d - 6 chunks of flesh


   Skills:
 + Level 4.0 Fighting
 * Level 5.0 Maces & Flails
 - Level 2.1 Armour
 - Level 1.5 Dodging
 + Level 0.5 Stealth


You had 3 spell levels left.
You didn't know any spells.
Your spell library was empty.

Dungeon Overview and Level Annotations

Branches:
Dungeon (3/15)

Altars:
Ru


Innate Abilities, Weirdness & Mutations

You are resistant to torment.
Your stone body is resilient. (AC +3)
You are immune to poison.
You resist negative energy. (rN+)
You are resistant to electric shocks. (rElec)
You can survive without breathing.
You are immune to petrification.
You are immune to rotting.
You possess an exceptional clarity of mind.
You are weak. (Str -2)
Your movements are slightly less encumbered by armour. (ER -2)


Message History

It is a scroll of enchant armour.
Your +0 animal skin glows green for a moment.
The jackal barely misses you. The frilled lizard closely misses you.
The ooze closely misses you.
The jackal bites you but does no damage.
Unknown command.
Unknown command.
You barely miss the ooze.
The jackal bites you but does no damage.
The frilled lizard bites you but does no damage.
The ooze closely misses you. The jackal closely misses you.
The frilled lizard bites you but does no damage.
The ooze hits you but does no damage. The jackal barely misses you.
Unknown command.
You sock the ooze!
The ooze is almost dead.
The jackal bites you but does no damage.
The frilled lizard misses you. The ooze closely misses you.
The frilled lizard barely misses you. The jackal bites you.
You die...

.. #... ###
.## .....
#.. .#. .
..... #.#.
.. .. #....
...###.# .#
.....
#.....##.##.
.....
#.#gb......
#...#


#.JlhS# ##.# ###@#.# #. #...# . ###.... ..#... ...## #### You could see an ooze,
an adder, a jackal, a goblin, a bat and a frilled lizard.

Vanquished Creatures
  A centaur skeleton (D:2)
  An orc wizard (D:2)
  An adder (D:2)
  A worm (D:3)
  2 dart slugs
  A leopard gecko (D:1)
  An orc (D:3)
  A ball python (D:3)
  5 bats
  3 giant cockroaches
  4 hobgoblins
  9 kobolds
  6 frilled lizards
  5 goblins
  3 rats
44 creatures vanquished.

Notes
Turn   | Place    | Note
-------+----------+-------------------------------------------
     0 | D:1      | MCCCXII the Gargoyle Berserker began the quest for the Orb.
     0 | D:1      | Reached XP level 1. HP: 14/14 MP: 1/1
   333 | D:1      | Reached XP level 2. HP: 16/19 MP: 2/2
  1189 | D:2      | Reached XP level 3. HP: 21/24 MP: 3/3
  1417 | D:2      | Reached skill level 4 in Maces & Flails
  1603 | D:2      | Reached XP level 4. HP: 29/29 MP: 4/4
  1609 | D:2      | Found a sacrificial altar of Ru.
  1778 | D:2      | Reached ** piety under Trog
  2179 | D:3      | Reached skill level 5 in Maces & Flails
  2268 | D:3      | Gained mutation: You are weak. (Str -2) [potion of
                  | mutation]
  2268 | D:3      | Gained mutation: You possess an exceptional clarity of
                  | mind. [potion of mutation]
  2268 | D:3      | Gained mutation: Your movements are slightly less
                  | encumbered by armour. (ER -2) [potion of mutation]
  2270 | D:3      | HP: 1/29 [ooze (1)]
  2273 | D:3      | Slain by a jackal

Illustrated notes

Levels and vault maps discovered:
D:1:      dpeg_arrival_connections, layout_loops_cross, minivault_4
D:2:      minmay_skewed_foursquare, layout_loops_corners,
          nicolae_ru_great_annihilating_truth, first_ration,
          chequers_serial_rivers_small_3
D:3:      layout_rooms, lemuel_crystal_altar, minmay_fractal_squares_5,
          uniq_terence

Skill      XL: |  1  2  3  4 |
---------------+-------------+-----
Maces & Flails | 4 5 |  5.0
Fighting       | 4 |  4.0
Armour         | |  2.1
Dodging        | |  1.5
Stealth        | |  0.5

Action                   |  1- 3 |  4- 6 || total
-------------------------+-------+-------++-------
Melee: Mace              |    86 |    51 ||   137
Invok: Berserk           |     1 |     3 ||     4
  Use: Scroll            |     2 |     5 ||     7
       Potion            |       |     4 ||     4
 Stab: Invisible         |       |     1 ||     1
       Paralysed         |       |     1 ||     1
  Eat: Chunk             |     3 |     4 ||     7
Armor: Animal skin       |    36 |    33 ||    69
Dodge: Dodged            |    62 |    62 ||   124
